 Dungeon Crawl Stone Soup version 0.31-a0-1343-gcd514f47d3 (webtiles) character file.

Game seed: 2068191766945434165

220 Amplified the Trooper (level 5, -2/67 HPs)
             Began as a Minotaur Alchemist on Dec 22, 2023.
             Slain by a gnoll
             ... wielding a +0 halberd
              (14 damage)
             ... on level 3 of the Dungeon.
             The game lasted 00:03:04 (1588 turns).

Amplified the Trooper (Minotaur Alchemist)          Turns: 1588, Time: 00:03:05

Health: -2/67      AC:  6    Str: 14    XL:     5   Next: 64%
Magic:  6/6        EV: 10    Int: 12    God:
Gold:   138        SH:  0    Dex: 14    Spells: 5/6 levels left

rFire   . . .        h - +7 trident "Juisa" {pain, rElec Dex+3}
rCold   . . .        (no shield)
rNeg    . . .        k - +0 scale mail
rPois   .            (helmet unavailable)
rElec   +            (no cloak)
rCorr   .            (no gloves)
SInv    .            (no boots)
Will    .....        (no amulet) Stlth
                     (no ring)
HPRegen 0.31/turn    (no ring)
MPRegen 0.10/turn

%: no passive effects
@: berserking, very quick
A: horns 3, retaliatory headbutt
a: no special abilities


You were on level 3 of the Dungeon.
You visited 1 branch of the dungeon, and saw 3 of its levels.

You collected 138 gold pieces.

Inventory:

Hand Weapons
 e - a +0 heavy trident
 h - the +7 trident "Juisa" (weapon) {pain, rElec Dex+3}
   (You found it on level 3 of the Dungeon)

   Dex+3:     It affects your dexterity (+3).
   rElec:     It insulates you from electricity.
Missiles
 d - 12 poisoned darts
Armour
 k - a +0 scale mail (worn)
Scrolls
 i - a scroll of enchant weapon
 l - a scroll of brand weapon
 m - a scroll of blinking {unknown}
Potions
 a - a potion of brilliance
 b - a potion of magic
 c - 3 potions of berserk rage
 g - a potion of attraction


   Skills:
 + Level 3.6 Fighting
 * Level 3.0 Polearms
 + Level 3.5 Armour
 - Level 2.1 Dodging
 - Level 1.5 Stealth
 - Level 1.3 Spellcasting
 - Level 0.6 Conjurations
 + Level 1.1 Necromancy
 - Level 2.1 Alchemy


You had 5 spell levels left.
You knew the following spells:

 Your Spells              Type           Power      Damage    Failure   Level
a - Sting                 Conj/Alch      16%        1d4       56%         1

Your spell library contained the following spells:

 Spells                   Type           Power      Damage    Failure   Level
 Summon Small Mammal      Summ           0%         N/A       75%         1
 Mercury Vapours          Alch/Air       6%         N/A       75%         2
 Passwall                 Alch/Erth      2%         N/A       75%         2
 Ensorcelled Hibernation  Hex/Ice        0%         N/A       87%         2
 Lesser Beckoning         Tloc           0%         N/A       87%         2
 Mephitic Cloud           Conj/Alch/Air  3%         N/A       94%         3
 Call Canine Familiar     Summ           0%         N/A       98%         3
 Gell's Gravitas          Tloc           0%         N/A       98%         3
 Summon Guardian Golem    Hex/Summ       0%         N/A       98%         3
 Swiftness                Air            0%         N/A       98%         3
 Teleport Other           Tloc           0%         N/A       98%         3
 Olgreb's Toxic Radiance  Alch           6%         N/A       99%         4
 Sticky Flame             Fire/Alch      3%         2d4       100%        4


Dungeon Overview and Level Annotations

Branches:
Dungeon (3/15)

Altars:
Uskayaw


Innate Abilities, Weirdness & Mutations

You have a pair of large horns on your head.
You reflexively headbutt those who attack you in melee.


Message History

You closely miss the goblin. The goblin hits you but does no damage.
You barely miss the goblin. The gnoll barely misses you.
The goblin hits you but does no damage.
You hit the goblin. Your headbutt misses the goblin.
The goblin is severely wounded.
The gnoll hits you from afar with a +0 halberd!
The goblin closely misses you. You furiously retaliate!
You headbutt the goblin!
You kill the goblin!
You are too injured to fight recklessly!
You are too injured to fight recklessly!
Okay, then.
Okay, then.
You aren't carrying any items that you can evoke.
Unknown command.
Okay, then.
Reach: h) +7 trident "Juisa" {pain, rElec Dex+3}
Press: ? - help, Dir - move target, f - gnoll
Aim: a gnoll, wielding a +0 halberd (about 30% to evade the +7 trident "Juisa")
You reach to attack!
You puncture the gnoll!
The gnoll is severely wounded.
The gnoll barely misses you.
The gnoll hits you from afar with a +0 halberd!
* * * LOW HITPOINT WARNING * * *
Unknown command.
Reach: h) +7 trident "Juisa" {pain, rElec Dex+3}
Press: ? - help, Dir - move target, f/p - gnoll
Aim: a gnoll, wielding a +0 halberd (severely wounded, about 30% to evade the +7 trident "Juisa")
You reach to attack!
You barely miss the gnoll.
The gnoll is severely wounded.
The gnoll hits you but does no damage.
A red film seems to cover your vision as you go berserk!
You feel yourself moving faster!
You feel mighty! The gnoll barely misses you.
Reach: h) +7 trident "Juisa" {pain, rElec Dex+3}
Press: ? - help, Dir - move target, f/p - gnoll
Aim: a gnoll, wielding a +0 halberd (severely wounded, about 30% to evade the +7 trident "Juisa")
You reach to attack!
You closely miss the gnoll.
The gnoll is severely wounded.
The gnoll hits you from afar with a +0 halberd!
You die...

...~≈#####~)~~~~≈~≈~h~..
...~≈≈≈≈≈≈≈≈≈≈≈≈≈o≈~≈~..
...~~~~~~~~~~≈~~~~~g≈~..
.......)).......).......
################...S.o.o
#o#####.. #g# #)# #@#
###


You could see a gnoll and 2 orcs.

Vanquished Creatures
  2 howler monkeys (D:3)
  Natasha (D:3)
  4 gnolls (D:3)
  2 adders (D:2)
  A worm (D:3)
  A dart slug (D:2)
  2 orcs (D:3)
  3 endoplasms
  3 giant cockroaches
  4 goblins
  A hobgoblin (D:2)
  14 jackals
  4 quokkas
  4 ball pythons
  A bat (D:2)
  4 frilled lizards
  2 kobolds (D:1)
  5 rats
58 creatures vanquished.

Notes
Turn   | Place    | Note
-------+----------+-------------------------------------------
     0 | D:1      | Amplified the Minotaur Alchemist began the quest for the
                  | Orb.
     0 | D:1      | Reached XP level 1. HP: 14/14 MP: 1/1
   303 | D:1      | Reached skill level 1 in Fighting
   303 | D:1      | Reached skill level 1 in Armour
   360 | D:1      | Reached XP level 2. HP: 23/23 MP: 3/3
   716 | D:2      | Found a hide-covered altar of Uskayaw.
   749 | D:2      | Reached XP level 3. HP: 29/29 MP: 4/4
  1198 | D:3      | Identified the +7 trident "Juisa" {pain, rElec Dex+3}
  1417 | D:3      | Reached skill level 1 in Polearms
  1417 | D:3      | Reached XP level 4. HP: 38/38 MP: 5/5
  1436 | D:3      | Reached XP level 5. HP: 45/45 MP: 6/6
  1562 | D:3      | Reached skill level 1 in Necromancy
  1562 | D:3      | Noticed Natasha
  1577 | D:3      | Gained mutation: You have a pair of large horns on your
                  | head. [potion of mutation]
  1581 | D:3      | Killed Natasha
  1588 | D:3      | Slain by a gnoll

Illustrated notes

Levels and vault maps discovered:
D:1:      dpeg_arrival_pits, layout_loops_ring, minmay_pentomino_v4
D:2:      layout_rooms, basic_altar
D:3:      lemuel_castle_with_subvaults [lemuel_castle_interior_carwin_1],
          layout_loops_ring, kennysheep_potato, uniq_ijyb, uniq_grinder,
          uniq_natasha

Skill      XL: |  1  2  3  4  5 |
---------------+----------------+-----
Fighting       | 1 2 3 |  3.6
Armour         | 1 2 3 |  3.5
Polearms       | 1 2 3 |  3.0
Necromancy     | 1 |  1.1
Dodging        | |  2.1
Stealth        | |  1.5
Spellcasting   | |  1.3
Conjurations   | |  0.6
Alchemy        | |  2.1

Action                     |  1- 3 |  4- 6 || total
---------------------------+-------+-------++-------
  Melee: Trident           |   101 |    46 ||   147
         Unarmed           |     3 |       ||     3
         Headbutt          |    10 |     3 ||    13
         Punch             |     1 |       ||     1
    Use: Scroll            |     7 |     1 ||     8
         Potion            |       |     3 ||     3
   Stab: Invisible         |       |     4 ||     4
 Armour: Ring mail         |    24 |       ||    24
         Scale mail        |    37 |    17 ||    54
  Dodge: Dodged            |    46 |    19 ||    65

Table legend: (Time is in decaauts)
 A = Elapsed time spent in this place.
 B = Non-inter-level travel time spent in this place.
 C = Inter-level travel time spent in this place.
 D = Time resting spent in this place.
 E = Time spent auto-exploring this place.
 F = Levels seen in this place.
 G = Mean time per level.
                   A        B        C        D        E       F      G
               +--------+--------+--------+--------+--------+-----+--------+
         Total |   1638 |   1562 |     76 |      0 |   1059 |   3 |  546.0 |
       Dungeon |   1638 |   1562 |     76 |      0 |   1059 |   3 |  546.0 |
               +--------+--------+--------+--------+--------+-----+--------+

Top non-repeatable levels by time:
     D:1: 670 daAuts
     D:2: 543 daAuts
     D:3: 425 daAuts
